 Seeded DCSS version 0.28.0-61-g67df4f89a8 (webtiles) character file.

Game seed: 7015990927668815340 (custom seed)

0 Mickster the Skirmisher (level 1, -1/18 HPs)
             Began as a Demigod Wanderer on Feb 16, 2023.
             Frozen to death by an endoplasm (3 damage)
             ... on level 1 of the Dungeon.
             The game lasted 00:01:50 (82 turns).

Mickster the Skirmisher (Demigod Wanderer)            Turns: 82, Time: 00:01:54

Health: -1/18      AC:  2    Str: 12    XL:     1   Next: 6%
Magic:  5/5        EV: 11    Int: 17    God:
Gold:   0          SH:  0    Dex: 11    Spells: 2/3 levels left

rFire   . . .      SeeInvis .   a - +0 club
rCold   . . .      Faith    .   (no shield)
rNeg    . . .      Spirit   .   b - +0 robe
rPois   .          Reflect  .   (no helmet)
rElec   .          Harm     .   (no cloak)
rCorr   .          Rampage  .   (no gloves)
Will    .....                   (no boots)
Stlth   +.........              (no amulet)
HPRegen 0.06/turn               (no ring)
MPRegen 0.09/turn               (no ring)

@: no status effects
A: high MP 1, forlorn, divine attributes
a: no special abilities


You were on level 1 of the Dungeon.
You visited 1 branch of the dungeon, and saw 1 of its levels.

Inventory:

Hand Weapons
 a - a +0 club (weapon)
Armour
 b - a +0 robe (worn)
Scrolls
 c - a scroll of teleportation


   Skills:
 + Level 2.7 Fighting
 + Level 1.7 Spellcasting
 + Level 1.7 Transmutations
 + Level 1.7 Air Magic
 + Level 1.0 Evocations


You had 2 spell levels left.
You knew the following spells:

 Your Spells              Type           Power      Damage    Failure   Level
a - Shock                 Conj/Air       16%        1d4       14%         1

Your spell library contained the following spells:

 Spells                   Type           Power      Damage    Failure   Level
 Sting                    Tmut/Pois      16%        1d3       14%         1
 Swiftness                Air            7%         N/A       28%         3
 Ignite Poison            Fire/Tmut/Pois 3%         N/A       43%         3
 Mephitic Cloud           Conj/Pois/Air  3%         N/A       43%         3


Dungeon Overview and Level Annotations

Branches:
Dungeon (1/15)


Innate Abilities, Weirdness & Mutations

You have an increased reservoir of magic. (+10% MP)
You shall have no god before yourself.
Your divine heritage dramatically boosts your attributes as you level up.


Message History

You kill the rat!
A kobold comes into view. It is wielding a +0 short sword.
Found 24 stones.
The kobold shouts!
The kobold throws a stone.
The stone hits you.
The kobold hits you with a +0 short sword.
You miss the kobold. The kobold barely misses you.
The kobold closely misses you.
You hit the kobold.
The kobold is heavily wounded.
The kobold barely misses you.
You hit the kobold.
The kobold is severely wounded.
The kobold barely misses you.
You hit the kobold but do no damage.
The kobold is severely wounded.
The kobold closely misses you. The kobold barely misses you.
An endoplasm comes into view.
You barely miss the kobold.
The kobold is severely wounded.
The endoplasm quivers.
The kobold barely misses you.
You barely miss the kobold.
The kobold is severely wounded.
The kobold closely misses you.
You hit the kobold but do no damage.
The kobold is severely wounded.
The kobold hits you but does no damage. The endoplasm freezes you.
You are frozen.
The kobold hits you with a +0 short sword.
* * * LOW HITPOINT WARNING * * *
You barely miss the kobold.
The kobold is severely wounded.
The endoplasm misses you.
The kobold hits you with a +0 short sword.
* * * LOW HITPOINT WARNING * * *
The endoplasm freezes you.
You are frozen.
You die...

### .. #.# #### .(
#... #####
######.##.## #....
...##..#.# #....
#.###.#.#
#...J########.......#
#.(.K@...........).##
#................#.#
#.###............#.#
# #......#########..
......#.# #..#
#.#.##.#.# #..# # #.
#.#.. #... #. #.###.
...


You could see an endoplasm and a kobold.

Vanquished Creatures
  A rat (D:1)
1 creature vanquished.

Notes
Turn   | Place    | Note
-------+----------+-------------------------------------------
     0 | D:1      | Mickster the Demigod Wanderer began the quest for the Orb.
     0 | D:1      | Mickster set off with the following items: a +0 club, a +0
                  | robe, a scroll of teleportation; and the following spells
                  | available to memorise: Shock, Sting, Swiftness, Ignite
                  | Poison, Mephitic Cloud
     0 | D:1      | Reached XP level 1. HP: 18/18 MP: 5/5
    63 | D:1      | Learned a level 1 spell: Shock
    82 | D:1      | Frozen to death by an endoplasm

Illustrated notes

Levels and vault maps discovered:
D:1:      nagdon_arrival_zigzag_paths, layout_basic,
          shapermc_ecumenical_altar_mp_ritualfount, serial_curves,
          eino_curves_02, eino_curves_03

Action                   || total
-------------------------++-------
Melee: Club              ||    11
       Punch             ||     1
Armor: Robe              ||     2
Dodge: Dodged            ||     9
